 Dungeon Crawl Stone Soup version 0.26.0-10-g1f06aea511 (webtiles) character file.

Game seed: 13786280596367812572

5 Dracia the Vexing (level 1, -2/15 HPs)
             Began as a Demigod Arcane Marksman on Jan 14, 2021.
             Slain by a leopard gecko (4 damage)
             ... on level 1 of the Dungeon.
             The game lasted 00:00:20 (97 turns).

Dracia the Vexing (Demigod Arcane Marksman)           Turns: 97, Time: 00:00:20

Health: -2/15      AC:  2    Str: 13    XL:     1   Next: 53%
Magic:  4/4        EV: 12    Int: 17    God:
Gold:   0          SH:  0    Dex: 16    Spells: 1/2 levels left

rFire    . . .     SeeInvis .   a - +0 shortbow
rCold    . . .     Faith    .   (shield currently unavailable)
rNeg     . . .     Spirit   .   e - +0 robe
rPois    .         Reflect  .   (no helmet)
rElec    .         Harm     .   (no cloak)
rCorr    .         Rampage  .   (no gloves)
Will     .....                  (no boots)
Stlth    +.........             (no amulet)
HPRegen  0.05/turn              (no ring)
MPRegen  0.09/turn              (no ring)

@: no status effects
A: high mp 1
a: no special abilities


You were on level 1 of the Dungeon.
You visited 1 branch of the dungeon, and saw 1 of its levels.


Innate Abilities, Weirdness & Mutations

You have an increased reservoir of magic. (+10% MP)


   Skills:
 - Level 0.8 Fighting
 + Level 2.2 Bows
 - Level 1.7 Dodging
 - Level 1.0 Spellcasting
 - Level 2.6 Hexes


You had one spell level left.
You knew the following spells:

 Your Spells              Type           Power        Failure   Level
z - Corona                Hex            10%          7%          1

Your spell library contained the following spells:

 Spells                   Type           Power        Failure   Level
 Slow                     Hex            9%           11%         2
 Inner Flame              Hex/Fire       5%           36%         3
 Portal Projectile        Hex/Tloc       10%          36%         3
 Cause Fear               Hex            4%           56%         4
 Leda's Liquefaction      Hex/Erth       2%           77%         4

Inventory:

Hand Weapons
 a - a +0 shortbow (weapon)
Missiles
 d - 2 arrows (quivered ammo)
Armour
 e - a +0 robe (worn)
Scrolls
 b - a scroll of amnesia {unknown}

Dungeon Overview and Level Annotations

Branches:
Dungeon (1/15)

########## ......>... (.
......(. ..# .# ### .....#
#.##.# (.###....### #.#..
((.(##.....# #(..
(.(..'...#..###(#
((((##...##..#.l##
..###....###....@####
###.................####..
(.##.^...##....###........
...#..........## #######..
..##.....###.##
###..........#
.......###... ...#...#
..... ...... ......


You could see a leopard gecko.


Message History

The leopard gecko closely misses you. x2
A leopard gecko is nearby!
You shoot an arrow.
The arrow closely misses the leopard gecko.
The leopard gecko barely misses you.
You shoot an arrow.
The arrow closely misses the leopard gecko.
The leopard gecko bites you.
You shoot an arrow.
The arrow closely misses the leopard gecko.
The leopard gecko bites you. x2
* * * LOW HITPOINT WARNING * * *
You are too injured to fight recklessly!
You are too injured to fight recklessly!
Unknown command.
Fire: 4 arrows
Press: ? - help, Q - select action, (/) - cycle Shift-Dir - straight line, f/p - leopard gecko
Aim: a leopard gecko (severely wounded)
You shoot an arrow. The arrow hits the leopard gecko.
The leopard gecko is almost dead.
The leopard gecko bites you but does no damage.
Fire: 3 arrows
Press: ? - help, Q - select action, (/) - cycle Shift-Dir - straight line, f/p - leopard gecko
Aim: a leopard gecko (almost dead)
You shoot an arrow.
The arrow closely misses the leopard gecko.
The leopard gecko bites you.
* * * LOW HITPOINT WARNING * * *
The leopard gecko bites you.
You die...

Skill      XL: |  1 |
---------------+----+-----
Bows           | 2 |  2.2
Fighting       | |  0.8
Dodging        | |  1.7
Spellcasting   | |  1.0
Hexes          | |  2.6

Action                   || total
-------------------------++-------
 Fire: Shortbow          ||    26
Armor: Robe              ||     2
Dodge: Dodged            ||     9

Levels and vault maps discovered:
D:1:      minmay_arrival_shattered_statue, layout_rooms

Notes
Turn   | Place    | Note
-------+----------+-------------------------------------------
     0 | D:1      | Dracia the Demigod Arcane Marksman began the quest for the
                  | Orb.
     0 | D:1      | Reached XP level 1. HP: 15/15 MP: 4/4
    19 | D:1      | Reached skill level 2 in Bows
    97 | D:1      | Slain by a leopard gecko

Vanquished Creatures
  A dart slug (D:1)
  A goblin (D:1)
  A kobold (D:1)
3 creatures vanquished.

Table legend: (Time is in decaauts)
 A = Elapsed time spent in this place.
 B = Non-inter-level travel time spent in this place.
 C = Inter-level travel time spent in this place.
 D = Time resting spent in this place.
 E = Time spent auto-exploring this place.
 F = Levels seen in this place.
 G = Mean time per level.
                   A        B        C        D        E       F      G
               +--------+--------+--------+--------+--------+-----+--------+
         Total |    101 |    101 |      0 |      0 |     66 |   1 |  101.0 |
       Dungeon |    101 |    101 |      0 |      0 |     66 |   1 |  101.0 |
               +--------+--------+--------+--------+--------+-----+--------+

Top non-repeatable levels by time:
     D:1: 101 daAuts

Table legend:
 A = Non-vault XP
 B = Vault XP
 C = Vault XP percentage of total XP
 D = Non-vault monster count
 E = Vault monster count
 F = Vault count percentage of total count
                 A         B        C        D         E       F
            +---------+---------+-------+---------+---------+-------
      Total |       8 |       0 |   0.0 |       3 |       0 |   0.0
            +---------+---------+-------+---------+---------+-------
        D:1 |       8 |       0 |   0.0 |       3 |       0 |   0.0
            +---------+---------+-------+---------+---------+-------
